 Dungeon Crawl Stone Soup version 0.28-a0-834-g1a73be5ee4 (webtiles) character file.

Game seed: 3750256209625347829

286 Crownlay the Cleaver (level 6, -4/52 HPs)
             Began as a Hill Orc Fighter on Nov 11, 2021.
             Was an Initiate of Ashenzari.
             Succumbed to a gnoll's poison
             ... on level 3 of the Dungeon.
             The game lasted 00:04:30 (2820 turns).

Crownlay the Cleaver (Hill Orc Fighter)             Turns: 2820, Time: 00:04:30

Health: -4/52      AC:  6    Str: 21    XL:     6   Next: 30%
Magic:  6/6        EV:  9    Int:  8    God:    Ashenzari [......]
Gold:   114        SH:  4    Dex: 10    Spells: 5/5 levels left

rFire   . . .      SeeInvis .   a - +0 war axe
rCold   . . .      Faith    .   c - +0 buckler of Ashenzari's Affliction {Range, Self} (curse)
rNeg    . . .      Spirit   .   b - +0 scale mail
rPois   .          Reflect  .   (no helmet)
rElec   .          Harm     .   (no cloak)
rCorr   .          Rampage  .   (no gloves)
Will    .....                   (no boots)
Stlth   ..........              (no amulet)
HPRegen 0.17/turn               (no ring)
MPRegen 0.10/turn               (no ring)

@: lethally poisoned (-4 -> -30), attractive
A: no striking features
a: Renounce Religion, Curse Item, Shatter the Chains


You were on level 3 of the Dungeon.
You worshipped Ashenzari.
Ashenzari was noncommittal.
You visited 1 branch of the dungeon, and saw 3 of its levels.

You collected 114 gold pieces.

Inventory:

Hand Weapons
 a - a +0 war axe (weapon)
Armour
 b - a +0 scale mail (worn)
 c - the cursed +0 buckler of Ashenzari's Affliction (worn) {Range, Self}

   It has a curse which improves the following skills: Ranged Combat: Slings,
   Bows, Crossbows and Throwing.
   Introspection: Fighting and Spellcasting.
Wands
 q - a wand of polymorph (4)
Scrolls
 f - 2 scrolls of identify {unknown}
 h - a scroll of fear {unknown}
 n - a scroll of enchant weapon {unknown}
 p - a scroll of blinking {unknown}
 r - a scroll of amnesia {unknown}
Potions
 d - a potion of might
 e - a potion of magic {unknown}
 g - 2 potions of flight {unknown}
 i - 3 potions of mutation {unknown}
 j - 2 potions of curing {unknown}
 k - a potion of resistance {unknown}
 l - a potion of heal wounds {unknown}
 m - 3 potions of attraction
 o - a potion of lignification {unknown}


   Skills:
 - Level 3.6(4.1) Fighting
 * Level 8.1 Axes
 - Level 3.2 Armour
 - Level 4.0 Shields


You had 5 spell levels left.
You didn't know any spells.
Your spell library contained the following spells:

 Spells                   Type           Power      Damage    Failure   Level
 Summon Guardian Golem    Hex/Summ       0%         N/A       98%         3
 Orb of Destruction       Conj           0%         N/A       100%        7
 Spellforged Servitor     Conj/Summ      0%         N/A       100%        7


Dungeon Overview and Level Annotations

Branches:
Dungeon (3/15)

Altars:
Ashenzari


Message History

You kill the gnoll!
You hit the gnoll.
The gnoll is moderately wounded.
The gnoll hits you with a +2 whip of electrocution.
You slash the gnoll!
You kill the gnoll!
Your Axes skill increases to level 8!
You hit the gnoll.
The gnoll is lightly wounded.
The gnoll hits you but does no damage.
You barely miss the gnoll.
The gnoll is lightly wounded.
The gnoll hits you from afar with a +0 halberd of venom!
You are poisoned.
The gnoll hits you with a +0 whip!
You slash the gnoll!
You kill the gnoll!
You feel sick. The gnoll barely misses you.
You feel sick.
The gnoll hits you with a +0 halberd of venom!
Items here: ))) ††.
You are too injured to fight recklessly!
You are too injured to fight recklessly!
You are too injured to fight recklessly!
You are too injured to fight recklessly!
You are too injured to fight recklessly!
You are too injured to fight recklessly!
You barely miss the gnoll.
You feel sick.
The gnoll hits you with a +0 halberd of venom.
* * * LOW HITPOINT WARNING * * *
You are more poisoned.
You barely miss the gnoll.
* * * LOW HITPOINT WARNING * * *
You feel very sick.
The gnoll hits you with a +0 halberd of venom!
* * * LOW HITPOINT WARNING * * *
You are more poisoned.
It was a potion of attraction.
You feel attractive to monsters.
You die...

..##.....§.....##
#####........§## #
###.....### # ####### #
##...## # ##.....## # ##
##.......## .##
.####.........####...#.#
....'.........'.@g.....#
.####.........####...#.#
## ##.......## .## .#
##.....## # .# ##...##
.# ##+## .# .# .#


You could see a gnoll.

Vanquished Creatures
  A necrophage (D:3)
  Terence (D:3)
  Jessica (D:3)
  Ijyb (D:3)
  An adder (D:3)
  3 gnolls (D:3)
  A worm (D:3)
  3 dart slugs (D:2)
  5 orcs
  9 bats
  3 endoplasms
  2 giant cockroaches (D:2)
  6 goblins
  7 hobgoblins
  4 jackals (D:1)
  8 kobolds
  3 quokkas
  3 ball pythons
  4 frilled lizards
  6 rats
72 creatures vanquished.

Vanquished Creatures (others)
  A plant (D:1)
1 creature vanquished.

Grand Total: 73 creatures vanquished

Notes
Turn   | Place    | Note
-------+----------+-------------------------------------------
     0 | D:1      | Crownlay the Hill Orc Fighter began the quest for the Orb.
     0 | D:1      | Reached XP level 1. HP: 19/19 MP: 1/1
    67 | D:1      | Reached skill level 3 in Axes
   120 | D:1      | Reached XP level 2. HP: 25/26 MP: 2/2
   180 | D:1      | Found a faded altar of an unknown god.
   191 | D:1      | Prayed at the altar of an unknown god.
   191 | D:1      | Became a worshipper of Ashenzari the Shackled
   370 | D:1      | Reached skill level 4 in Axes
   383 | D:1      | Reached XP level 3. HP: 33/33 MP: 3/3
   971 | D:2      | Found a broken altar of Ashenzari.
  1411 | D:2      | Reached XP level 4. HP: 40/40 MP: 4/4
  1505 | D:2      | Reached skill level 5 in Axes
  2353 | D:3      | Noticed Ijyb
  2366 | D:3      | Killed Ijyb
  2367 | D:3      | Reached skill level 6 in Axes
  2367 | D:3      | Reached XP level 5. HP: 41/45 MP: 5/5
  2376 | D:3      | Identified the cursed +0 buckler of Ashenzari's Affliction
                  | {Range, Self}
  2422 | D:3      | Noticed Terence
  2423 | D:3      | Noticed a necrophage
  2446 | D:3      | Killed a necrophage
  2447 | D:3      | Reached skill level 7 in Axes
  2449 | D:3      | Killed Terence
  2450 | D:3      | Reached XP level 6. HP: 37/52 MP: 6/6
  2601 | D:3      | Noticed Jessica
  2608 | D:3      | Killed Jessica
  2814 | D:3      | Reached skill level 8 in Axes
  2819 | D:3      | HP: 1/52 [gnoll (10)]
  2820 | D:3      | Succumbed to a gnoll's poison

Illustrated notes

Levels and vault maps discovered:
D:1:      scummos_arrival_forest, layout_basic, shapermc_ecumenical_altar_venn,
          serial_bayou_pond_e, nrook_loot_triangle, moated_statue
D:2:      layout_rooms, basic_altar, kennysheep_decorative_pillar
D:3:      layout_loops_corners, kennysheep_donut, dk_noncrumbling_3,
          st_stairs_8, uniq_jessica, uniq_ijyb, uniq_terence

Skill      XL: |  1  2  3  4  5  6 |
---------------+-------------------+-----
Axes           | 3 4 6 7 8 |  8.1
Shields        | 4 |  4.0
Fighting       | |  3.6
Armour         | |  3.2

Action                   |  1- 3 |  4- 6 || total
-------------------------+-------+-------++-------
Melee: War axe           |   123 |    93 ||   216
       Unarmed           |       |    11 ||    11
Invok: Curse Item        |     1 |       ||     1
  Use: Potion            |       |     1 ||     1
Armor: Scale mail        |    74 |    28 ||   102
Dodge: Dodged            |    69 |    45 ||   114
Block: Buckler           |    29 |    11 ||    40

Table legend: (Time is in decaauts)
 A = Elapsed time spent in this place.
 B = Non-inter-level travel time spent in this place.
 C = Inter-level travel time spent in this place.
 D = Time resting spent in this place.
 E = Time spent auto-exploring this place.
 F = Levels seen in this place.
 G = Mean time per level.
                   A        B        C        D        E       F      G
               +--------+--------+--------+--------+--------+-----+--------+
         Total |   2877 |   2826 |     51 |      0 |   2307 |   3 |  959.0 |
       Dungeon |   2877 |   2826 |     51 |      0 |   2307 |   3 |  959.0 |
               +--------+--------+--------+--------+--------+-----+--------+

Top non-repeatable levels by time:
     D:1: 999 daAuts
     D:3: 948 daAuts
     D:2: 929 daAuts
